 Dungeon Crawl Stone Soup version 0.32-a0-350-g4f4d228 (webtiles) character file.

Game seed: 13007091751646648524

28 edsrzf the Chopper (level 2, -1/24 HPs)
             Began as a Mountain Dwarf Reaver on Feb 17, 2024.
             Killed from afar by Sigmund (6 damage)
             ... with a magic dart
             ... on level 2 of the Dungeon.
             The game lasted 00:02:19 (527 turns).

edsrzf the Chopper (Mountain Dwarf Reaver)           Turns: 527, Time: 00:02:20

Health: -1/24      AC:  3    Str: 14    XL:     2   Next: 96%
Magic:  5/5        EV: 11    Int: 13    God:
Gold:   37         SH:  0    Dex:  8    Spells: 4/5 levels left

rFire   . . .        a - +0 hand axe
rCold   . . .        (no shield)
rNeg    . . .        b - +0 leather armour
rPois   .            (no helmet)
rElec   .            (no cloak)
rCorr   .            (no gloves)
SInv    .            (no boots)
Will    .....        (no amulet)
Stlth   +            (no ring)
HPRegen 0.24/turn    (no ring)
MPRegen 0.09/turn

%: no passive effects
@: no status effects
A: runic magic, artefact enchanting
a: no special abilities


You were on level 2 of the Dungeon.
You visited 1 branch of the dungeon, and saw 2 of its levels.

You collected 37 gold pieces.

Inventory:

Hand Weapons
 a - a +0 hand axe (weapon)
Armour
 b - a +0 leather armour (worn)
Scrolls
 c - a scroll of teleportation {unknown}
 d - 3 scrolls of identify {unknown}
 f - a scroll of enchant armour {unknown}
 g - a scroll of poison {unknown}
Potions
 e - a potion of invisibility {unknown}


   Skills:
 - Level 2.1 Fighting
 - Level 3.6 Axes
 - Level 1.3 Dodging
 - Level 2.0 Spellcasting
 + Level 3.2 Conjurations
 + Level 1.5 Necromancy


You had 4 spell levels left.
You knew the following spells:

 Your Spells              Type           Power      Damage    Failure   Level
a - Kiss of Death         Conj/Necr      28%        2d7       10%         1

Your spell library contained the following spells:

 Spells                   Type           Power      Damage    Failure   Level
 Momentum Strike          Conj/Tloc      10%        3d8       21%         2
 Hailstorm                Conj/Ice       5%         3d5       38%         3


Dungeon Overview and Level Annotations

Branches:
Dungeon (2/15)

Altars:

Annotations:
D:2 Sigmund


Innate Abilities, Weirdness & Mutations

Your spellcasting is much less encumbered by armour.
You can use scrolls of enchantment on lesser artefacts.


Message History

You hit the ribbon worm.
The ribbon worm is moderately wounded.
The ribbon worm expels a string of sticky webbing.
The stream of webbing hits you but does no damage.
You are caught in a web!
The web tears apart.
The ribbon worm expels a string of sticky webbing.
The stream of webbing misses you.
You hit the ribbon worm but do no damage.
The ribbon worm is lightly wounded.
The ribbon worm closely misses you.
You hit the ribbon worm.
The ribbon worm is heavily wounded.
The ribbon worm completely misses you.
You hit the ribbon worm.
The ribbon worm is heavily wounded.
The ribbon worm bites you but does no damage.
You barely miss the ribbon worm.
The ribbon worm is heavily wounded.
The ribbon worm bites you.
You hit the ribbon worm.
The ribbon worm is heavily wounded.
The ribbon worm closely misses you.
You barely miss the ribbon worm.
The ribbon worm is heavily wounded.
The ribbon worm expels a string of sticky webbing.
The stream of webbing misses you.
You slash the ribbon worm!
The ribbon worm is almost dead.
You hit the ribbon worm.
The ribbon worm is almost dead.
The ribbon worm bites you.
You slash the ribbon worm!
You kill the ribbon worm!
You see here a ribbon worm corpse.
You start resting.
HP restored.
Found a ring mail.
A kobold comes into view. It is wielding a +0 whip.
The kobold shouts!
You see here a scroll labelled VISKECOVUG.
g - a scroll labelled VISKECOVUG You closely miss the kobold.
The kobold hits you with a +0 whip.
You hit the kobold but do no damage. The kobold hits you with a +0 whip.
You closely miss the kobold. The kobold closely misses you.
The kobold hits you but does no damage.
You closely miss the kobold. The kobold hits you but does no damage.
You hit the kobold.
The kobold is moderately wounded.
The kobold hits you but does no damage.
You barely miss the kobold.
The kobold is moderately wounded.
The kobold misses you.
You hit the kobold.
You kill the kobold!
You see here a +0 whip.
You see here a +0 ring mail.
Sigmund the Dreaded comes into view.
He is wielding a +0 scythe.
Sigmund shouts!
Unknown command.
Sigmund casts a spell.
Sigmund flickers and vanishes!
Deactivating autopickup; reactivate with Ctrl-A.
You see here a +0 ring mail.
You see here a ribbon worm corpse.
A ribbon worm comes into view.
Found 17 gold pieces.
The ribbon worm barely misses you.
You hit the ribbon worm.
The ribbon worm is moderately wounded.
The ribbon worm bites you!
You hit the ribbon worm but do no damage.
The ribbon worm is moderately wounded.
The ribbon worm bites you.
You hit the ribbon worm.
The ribbon worm is moderately wounded.
Sigmund points at you and mumbles some strange words.
The puff of flame misses you.
The ribbon worm bites you but does no damage.
An endoplasm comes into view.
The endoplasm quivers.
The ribbon worm expels a string of sticky webbing.
The stream of webbing hits you but does no damage.
You are caught in a web!
Sigmund gestures at you while chanting. The magic dart hits you!
* * * LOW HITPOINT WARNING * * *
There is a web here.
You struggle to detach yourself from the web.
You struggle to detach yourself from the web.
The web tears apart.
The ribbon worm bites you.
* * * LOW HITPOINT WARNING * * *
Okay, then.
Unknown command.
Unknown command.
The endoplasm hits you but does no damage.
Found a stone staircase leading down.
The endoplasm misses you. Sigmund gestures at you while chanting.
The magic dart hits you.
You die...
Sigmund begins carving another notch in his scythe.

#.# ##....... #.#
##.##### ####.### #.#
#......# #.# #.##.#.#
##'## # #.@.# ##...##
#w#.## ##.....## #..$.##
##.......## ##J@..#
#...<.....#
....>........+.........+
######....####.........#
#.#.## ##.......## .....
##.....## ##.###.
##...## #.. .# ##+## ##
# .#####


You could see Sigmund, a ribbon worm and an endoplasm.

Vanquished Creatures
  A ribbon worm (D:2)
  2 endoplasms (D:1)
  A goblin (D:1)
  A hobgoblin (D:1)
  2 kobolds
  3 ball pythons (D:1)
  3 bats (D:1)
  A frilled lizard (D:1)
  A rat (D:1)
15 creatures vanquished.

Notes
Turn   | Place    | Note
-------+----------+-------------------------------------------
     0 | D:1      | edsrzf the Mountain Dwarf Reaver began the quest for the
                  | Orb.
     0 | D:1      | Reached XP level 1. HP: 17/17 MP: 3/3
    47 | D:1      | Reached skill level 2 in Spellcasting
    55 | D:1      | Reached skill level 3 in Conjurations
    84 | D:1      | Reached XP level 2. HP: 24/24 MP: 5/5
   170 | D:1      | Reached skill level 1 in Necromancy
   461 | D:2      | Noticed Sigmund
   527 | D:2      | Killed from afar by Sigmund

Illustrated notes

Levels and vault maps discovered:
D:1:      tekkud_arrival_beachfront_property, layout_loops_ring, serial_shops,
          shop, minmay_misc_feat_four_crosses
D:2:      layout_loops_corners, serial_shops, nicolae_shop_statue_plus,
          basic_altar, uniq_sigmund, uniq_natasha, uniq_crazy_yiuf_cottage

Skill      XL: |  1  2 |
---------------+-------+-----
Spellcasting   | 2 |  2.0
Conjurations   | 3 |  3.2
Necromancy     | 1 |  1.5
Fighting       | |  2.1
Axes           | |  3.6
Dodging        | |  1.3

Action                     || total
---------------------------++-------
  Melee: Hand axe          ||    76
 Armour: Leather armour    ||    54
  Dodge: Dodged            ||    59

Table legend: (Time is in decaauts)
 A = Elapsed time spent in this place.
 B = Non-inter-level travel time spent in this place.
 C = Inter-level travel time spent in this place.
 D = Time resting spent in this place.
 E = Time spent auto-exploring this place.
 F = Levels seen in this place.
 G = Mean time per level.
                   A        B        C        D        E       F      G
               +--------+--------+--------+--------+--------+-----+--------+
         Total |    535 |    535 |      0 |    101 |    208 |   2 |  267.5 |
       Dungeon |    535 |    535 |      0 |    101 |    208 |   2 |  267.5 |
               +--------+--------+--------+--------+--------+-----+--------+

Top non-repeatable levels by time:
     D:1: 285 daAuts
     D:2: 250 daAuts
